 Dungeon Crawl Stone Soup version 0.28.0-47-ge53b351184 (webtiles) character file.

Game seed: 4192089401072619323

7659 croobank the Covert (level 11, -1/133 HPs)
             Began as a Gnoll Delver on May 1, 2022.
             Was an Elder of Vehumet.
             Slain by a black mamba (2 damage)
             ... on level 1 of the Lair of Beasts.
             The game lasted 00:55:21 (11767 turns).

croobank the Covert (Gnoll Delver)                 Turns: 11767, Time: 00:55:21

Health: -1/133     AC: 29    Str: 11    XL:     11   Next: 18%
Magic:  0/20       EV:  2    Int: 15    God:    Vehumet [****..]
Gold:   522        SH:  0    Dex: 11    Spells: 6/22 levels left

rFire   + . .      SeeInvis .   a - +1 hand axe
rCold   + . .      Faith    .   (no shield)
rNeg    . . .      Spirit   .   (armour currently unavailable)
rPois   +          Reflect  .   (helmet currently unavailable)
rElec   +          Harm     .   (cloak currently unavailable)
rCorr   +          Rampage  .   (gloves currently unavailable)
Will    .....      NoTele   +   (boots currently unavailable)
Stlth   +++++.....              P - amulet of regeneration
HPRegen 1.12/turn               l - +4 ring of protection
MPRegen 0.17/turn               (no ring)

@: lethally poisoned (-1 -> -2), tree-form, resistant, hasted, very quick
A: stationary, stasis, torment immunity, boosted hp, (fangs 1), strong nose,
distributed training, (talons 1), clumsy 1, (poison resistance)
a: Renounce Religion


You were on level 1 of the Lair of Beasts.
You worshipped Vehumet.
Vehumet was greatly pleased with you.
You were a tree.
You visited 3 branches of the dungeon, and saw 10 of its levels.

You collected 522 gold pieces.

Inventory:

Hand Weapons
 a - a +1 hand axe (weapon)
 b - a +0 arbalest
 c - a +2 morningstar
 t - a +1 dagger of speed
 v - a +3 long sword
 C - a +0 falchion
 H - a +0 dire flail
 N - a +0 shortbow
Missiles
 i - 6 atropa-tipped darts (quivered)
 j - 212 stones
 n - 10 javelins
 o - 220 arrows
 s - 50 sling bullets
 y - a throwing net
 K - 2 poisoned darts
 O - 9 bolts
Armour
 k - a +0 leather armour
 p - a +2 robe of positive energy (melded)
 r - a +0 pair of gloves (melded)
 u - a +0 ring mail
 x - a +2 helmet of intelligence (melded)
 z - a +0 scale mail
 F - a +0 buckler
 G - a +0 cloak (melded)
 M - a scarf of invisibility
 R - a +0 pair of boots (melded)
Magical Staves
 S - a staff of cold
Jewellery
 l - a +4 ring of protection (left branch)
 m - an amulet of reflection
 w - a ring of ice
 P - an amulet of regeneration (around neck)
Wands
 g - a wand of digging (10)
 q - a wand of flame (62)
 D - a wand of polymorph (2)
 J - a wand of iceblast (6)
Scrolls
 E - a scroll of amnesia
 L - a scroll of teleportation
 Q - 2 scrolls of enchant armour {unknown}
Potions
 d - a potion of brilliance
 e - 3 potions of mutation
 f - 2 potions of haste
 h - a potion of flight


   Skills:
 + Level 9.0 Fighting
 + Level 6.0 Short Blades
 + Level 6.0 Long Blades
 + Level 7.7 Axes
 + Level 6.0 Maces & Flails
 + Level 6.0 Polearms
 + Level 6.0 Staves
 + Level 6.0 Slings
 + Level 6.0 Bows
 + Level 6.0 Crossbows
 + Level 6.0 Throwing
 + Level 6.0 Armour
 + Level 7.7 Dodging
 + Level 11.3 Stealth
 + Level 6.0 Shields
 + Level 6.0 Unarmed Combat
 + Level 6.0 Spellcasting
 + Level 5.0 Conjurations
 + Level 5.0 Hexes
 + Level 5.0 Summonings
 + Level 5.0 Necromancy
 + Level 5.0 Translocations
 + Level 5.0 Transmutations
 + Level 5.0 Fire Magic
 + Level 5.0 Ice Magic
 + Level 5.0 Air Magic
 + Level 5.0 Earth Magic
 + Level 5.0 Poison Magic
 + Level 6.6 Invocations
 + Level 6.0 Evocations


You had 6 spell levels left.
You knew the following spells:

 Your Spells              Type           Power      Damage    Failure   Level
a - Shock                 Conj/Air       76%        1d7       1%          1
b - Ensorcelled Hibernat  Hex/Ice        38%        N/A       2%          2
c - Freeze                Ice            76%        1d9       1%          1
d - Poisonous Vapours     Pois/Air       38%        N/A       1%          2
e - Dazzling Flash        Conj/Hex       38%        N/A       1%          3
f - Olgreb's Toxic Radia  Pois           19%        N/A       5%          4
g - Stone Arrow           Conj/Erth      38%        3d9       1%          3

Your spell library contained the following spells:

 Spells                   Type           Power      Damage    Failure   Level
 Animate Skeleton         Necr           38%        N/A       1%          1
 Pain                     Necr           76%        1d7       1%          1
 Sting                    Tmut/Pois      76%        1d6       1%          1
 Gell's Gravitas          Tloc           19%        N/A       5%          3
 Lesser Beckoning         Tloc           19%        N/A       5%          3
 Spider Form              Tmut/Pois      19%        N/A       5%          3
 Teleport Other           Tloc           19%        N/A       5%          3
 Vampiric Draining        Necr           19%        2d7       5%          3
 Anguish                  Hex/Necr       9%         N/A       19%         4


Dungeon Overview and Level Annotations

Branches:
Dungeon (8/15)             Temple (1/1) D:4            Lair (1/6) D:8

Altars:
Ashenzari
Cheibriados
Dithmenos
Fedhas
Gozag
Hepliaklqana
Kikubaaqudgha
Makhleb
Nemelex Xobeh
Okawaru
Qazlal
Ru
Sif Muna
Uskayaw
Vehumet
Wu Jian
Yredelemnul
The Shining One

Annotations:
D:5 2 transporters, seaoflcl's ghost, novice HOFi
D:6 1 runed translucent door, rumses's ghost, novice HOFi


Innate Abilities, Weirdness & Mutations

You are a tree.
Your roots penetrate the ground, keeping you stationary.
You cannot be teleported.
You are immune to unholy pain and torment.
Your maximum health is greatly increased.
Your equipment is partially melded.
((You have very sharp teeth.))
Your uncanny sense of smell can sniff out nearby items.
Your experience applies equally to all skills.
((You have sharp toenails.))
You are clumsy. (Dex -2)
((Your system is resistant to poisons. (rPois)))


Message History

The cane toad stings you but does no damage.
The black mamba bites you but does no damage.
Casting: Dazzling Flash (safe; 1% risk of failure)
Confirm with . or Enter, or press ? or * to list all spells.
Aiming: Freeze (safe; 1% risk of failure)
Press: ? - help, Shift-Dir - straight line, f - black mamba
Aim: a black mamba (lightly wounded)
You freeze the black mamba.
The black mamba is lightly wounded.
The black mamba seems to slow down.
You feel sick. The black mamba bites you.
* * * LOW HITPOINT WARNING * * *
The cane toad stings you but does no damage.
The black mamba bites you but does no damage.
The black mamba barely misses you.
Okay, then.
Casting: Freeze (safe; 1% risk of failure)
Confirm with . or Enter, or press ? or * to list all spells.
Okay, then.
You slash the cane toad! Your punch misses the cane toad.
The cane toad is moderately wounded.
You hit the black mamba but do no damage.
You hit the black mamba.
You feel sick.
You catch the helpless cane toad completely off-guard!
You hit the cane toad but do no damage. You hit the black mamba.
You barely miss the black mamba.
You feel sick.
The black mamba bites you but does no damage. x2
The black mamba bites you!
* * * LOW HITPOINT WARNING * * *
Casting: Freeze (safe; 1% risk of failure)
Confirm with . or Enter, or press ? or * to list all spells.
Casting: Dazzling Flash (safe; 1% risk of failure)
Press: ? - help, Dir - look around, f - activate The black mamba is dazzled.
The cane toad is dazzled.
The black mamba is dazzled.
* * * LOW HITPOINT WARNING * * *
You feel sick.
The cane toad stings you but does no damage.
The black mamba bites you but does no damage.
The black mamba bites you.
You die...

♣♣♣♣♣ ♣ .♣
####################.###
........................∆
........................
..>..####.###..........
......# ### #...#S.#'#.#
.....## #...♣S..>...
.....# #...#FF.....
.##..# #...#.......
####.## #...#....... #..#
#..(........ #.## #
#...........
#.###.##.#...##.#.#+#
#............ ....
####........


You could see 2 black mambas and 2 cane toads.

Vanquished Creatures
  An elephant (Lair:1)
  3 cane toads (Lair:1)
  A komodo dragon (Lair:1)
  Grinder (D:3)
  Prince Ribbit (D:8)
  9 spriggans (Lair:1)
  Sigmund (D:4)
  Eustachio (D:4)
  4 yaks (Lair:1)
  2 steam dragons
  2 water moccasins
  2 ice beasts (D:5)
  A sky beast (D:7)
  3 necrophages
  3 black bears
  A hornet zombie (D:8)
  3 centaurs
  2 ogres
  2 wolves (Lair:1)
  A phantom (D:5)
  Blork the orc (D:4)
  A bullfrog (Lair:1)
  3 scorpions
  A wyvern zombie (D:4)
  A gnoll sergeant (D:7)
  A water moccasin skeleton (D:5)
  6 wights
  A killer bee (D:7)
  The ghost of SarahSagabaen the Sneak, a weakling HuBr (D:3)
  A bullfrog zombie (D:7)
  2 howler monkeys
  2 jellies (D:4)
  A gnoll shaman (D:4)
  2 orc priests
  3 hounds
  A bullfrog skeleton (D:5)
  3 iguanas
  A centaur skeleton (D:7)
  3 orc wizards (D:6)
  A howler monkey skeleton (D:7)
  7 gnolls
  6 adders
  A shadow imp (D:6)
  2 dart slugs (D:1)
  17 orcs
  7 bats
  7 endoplasms
  2 giant cockroaches
  6 hobgoblins
  7 ball pythons
  4 frilled lizards
  9 goblins
  8 kobolds
  3 rats
166 creatures vanquished.

Vanquished Creatures (others)
  An orc wizard (D:4)
  A gnoll (D:7)
  4 fungi (Lair:1)
  8 plants
14 creatures vanquished.

Grand Total: 180 creatures vanquished

Notes
Turn   | Place    | Note
-------+----------+-------------------------------------------
     0 | D:5      | Reached skill level 9 in Stealth
     0 | D:5      | croobank the Gnoll Delver began the quest for the Orb.
     0 | D:5      | Reached XP level 1. HP: 23/23 MP: 1/1
     2 | D:5      | Noticed a centaur
     7 | D:5      | Noticed an ice beast
     8 | D:5      | Noticed a black bear
    27 | D:5      | Noticed an iguana
    51 | D:5      | Reached XP level 2. HP: 20/29 MP: 2/2
    51 | D:5      | Reached XP level 3. HP: 25/35 MP: 3/3
   156 | D:4      | Found a staircase to the Ecumenical Temple.
   164 | Temple   | Entered the Ecumenical Temple
   599 | Temple   | Became a worshipper of Vehumet
   655 | D:4      | Noticed Blork the orc
   673 | D:4      | Noticed Eustachio
   883 | D:2      | Reached skill level 1 in Invocations
  1024 | D:2      | Reached skill level 1 in Short Blades
  1024 | D:2      | Reached skill level 1 in Long Blades
  1024 | D:2      | Reached skill level 1 in Maces & Flails
  1024 | D:2      | Reached skill level 1 in Polearms
  1024 | D:2      | Reached skill level 1 in Staves
  1024 | D:2      | Reached skill level 1 in Slings
  1024 | D:2      | Reached skill level 1 in Bows
  1024 | D:2      | Reached skill level 1 in Crossbows
  1024 | D:2      | Reached skill level 1 in Throwing
  1024 | D:2      | Reached skill level 1 in Armour
  1024 | D:2      | Reached skill level 1 in Shields
  1024 | D:2      | Reached skill level 1 in Unarmed Combat
  1024 | D:2      | Reached skill level 1 in Spellcasting
  1024 | D:2      | Reached skill level 1 in Evocations
  1234 | D:2      | Reached XP level 4. HP: 24/41 MP: 5/5
  1665 | D:1      | Reached * piety under Vehumet
  1665 | D:1      | Offered knowledge of Shock by Vehumet.
  1695 | D:1      | Learned a level 1 spell: Shock
  1797 | D:1      | Learned a level 2 spell: Ensorcelled Hibernation
  1805 | D:1      | Reached skill level 1 in Conjurations
  1805 | D:1      | Reached skill level 1 in Hexes
  1805 | D:1      | Reached skill level 1 in Summonings
  1805 | D:1      | Reached skill level 1 in Necromancy
  1805 | D:1      | Reached skill level 1 in Translocations
  1805 | D:1      | Reached skill level 1 in Transmutations
  1805 | D:1      | Reached skill level 1 in Fire Magic
  1805 | D:1      | Reached skill level 1 in Ice Magic
  1805 | D:1      | Reached skill level 1 in Air Magic
  1805 | D:1      | Reached skill level 1 in Earth Magic
  1805 | D:1      | Reached skill level 1 in Poison Magic
  1840 | D:1      | You fall into a shaft and drop 1 floor!
  2987 | D:3      | Found a runed translucent door.
  2988 | D:3      | Noticed SarahSagabaen's ghost (weakling HuBr)
  3033 | D:3      | Reached XP level 5. HP: 47/47 MP: 6/6
  3175 | D:3      | Found a snail-covered altar of Cheibriados.
  3345 | D:3      | Paralysed by an orc for 5 turns
  3430 | D:3      | Noticed Grinder
  3442 | D:3      | Killed Grinder
  3443 | D:3      | Reached skill level 5 in Axes
  3443 | D:3      | Reached skill level 5 in Dodging
  3443 | D:3      | Reached XP level 6. HP: 53/53 MP: 7/9
  3467 | D:3      | Gained mutation: You have sharp toenails. [potion of
                  | mutation]
  3467 | D:3      | Gained mutation: Potions are less effective at restoring
                  | your health. [potion of mutation]
  3467 | D:3      | Gained mutation: You have razor-sharp toenails. [potion of
                  | mutation]
  3468 | D:3      | Lost mutation: Potions are less effective at restoring your
                  | health. [potion of mutation]
  3468 | D:3      | Lost mutation: You have razor-sharp toenails. [potion of
                  | mutation]
  3468 | D:3      | Gained mutation: You are clumsy. (Dex -2) [potion of
                  | mutation]
  3468 | D:3      | Gained mutation: Your system is resistant to poisons.
                  | (rPois) [potion of mutation]
  3668 | D:3      | Found an opulent altar of Gozag.
  3819 | D:4      | Killed Eustachio
  3819 | D:4      | Reached ** piety under Vehumet
  3820 | D:4      | Reached XP level 7. HP: 60/60 MP: 10/10
  3833 | D:4      | Killed Blork the orc
  3833 | D:4      | Offered knowledge of Freeze by Vehumet.
  3950 | D:4      | Reached skill level 10 in Stealth
  4647 | D:4      | Reached XP level 8. HP: 67/67 MP: 12/12
  4682 | D:4      | Noticed Sigmund
  4703 | D:4      | Killed Sigmund
  5339 | D:4      | Learned a level 1 spell: Freeze
  5663 | D:5      | Found a sacrificial altar of Ru.
  6205 | D:5      | Noticed seaoflcl's ghost (novice HOFi)
  6206 | D:5      | Found a transporter.
  6271 | D:5      | Noticed Ijyb
  6275 | D:5      | Noticed Ijyb
  6275 | D:5      | Ijyb changed into Ijyb the bat
  6282 | D:5      | Killed Ijyb the bat
  6315 | D:5      | Learned a level 2 spell: Poisonous Vapours
  6381 | D:5      | Reached XP level 9. HP: 51/73 MP: 6/14
  6699 | D:5      | Found a transporter.
  6844 | D:3      | Killed SarahSagabaen's ghost
  6899 | D:6      | Found a runed translucent door.
  7837 | D:6      | Offered knowledge of Dazzling Flash by Vehumet.
  7842 | D:6      | Learned a level 3 spell: Dazzling Flash
  8423 | D:6      | Noticed rumses's ghost (novice HOFi)
  8432 | D:6      | Reached *** piety under Vehumet
  8540 | D:7      | Learned a level 4 spell: Olgreb's Toxic Radiance
  8849 | D:7      | Reached skill level 5 in Invocations
  9227 | D:7      | Offered knowledge of Stone Arrow by Vehumet.
  9232 | D:7      | Learned a level 3 spell: Stone Arrow
  9348 | D:7      | Reached XP level 10. HP: 30/80 MP: 7/17
  9954 | D:7      | Found a glowing golden altar of the Shining One.
 10068 | D:7      | Found a basalt altar of Yredelemnul.
 10218 | D:8      | Found a staircase to the Lair.
 10235 | D:8      | Found a burning altar of Makhleb.
 10308 | D:8      | Noticed Prince Ribbit
 10322 | D:8      | Killed Prince Ribbit
 10323 | D:8      | Reached skill level 5 in Short Blades
 10323 | D:8      | Reached skill level 5 in Long Blades
 10323 | D:8      | Reached skill level 5 in Maces & Flails
 10323 | D:8      | Reached skill level 5 in Polearms
 10323 | D:8      | Reached skill level 5 in Staves
 10323 | D:8      | Reached skill level 5 in Slings
 10323 | D:8      | Reached skill level 5 in Bows
 10323 | D:8      | Reached skill level 5 in Crossbows
 10323 | D:8      | Reached skill level 5 in Throwing
 10323 | D:8      | Reached skill level 5 in Armour
 10323 | D:8      | Reached skill level 5 in Shields
 10323 | D:8      | Reached skill level 5 in Unarmed Combat
 10323 | D:8      | Reached skill level 5 in Spellcasting
 10323 | D:8      | Reached skill level 5 in Evocations
 10331 | D:8      | Noticed a deep elf pyromancer
 10340 | Lair:1   | Entered Level 1 of the Lair of Beasts
 10417 | Lair:1   | Noticed a cane toad
 10449 | Lair:1   | Killed a cane toad
 10732 | Lair:1   | Noticed an elephant
 10757 | Lair:1   | Killed an elephant
 10758 | Lair:1   | Reached skill level 11 in Stealth
 10859 | Lair:1   | Noticed a black mamba
 10973 | Lair:1   | Noticed a cane toad
 10979 | Lair:1   | Killed a cane toad
 11212 | Lair:1   | Reached **** piety under Vehumet
 11213 | Lair:1   | Reached XP level 11. HP: 46/87 MP: 8/19
 11495 | Lair:1   | Reached skill level 5 in Conjurations
 11495 | Lair:1   | Reached skill level 5 in Hexes
 11495 | Lair:1   | Reached skill level 5 in Summonings
 11495 | Lair:1   | Reached skill level 5 in Necromancy
 11495 | Lair:1   | Reached skill level 5 in Translocations
 11495 | Lair:1   | Reached skill level 5 in Transmutations
 11495 | Lair:1   | Reached skill level 5 in Fire Magic
 11495 | Lair:1   | Reached skill level 5 in Ice Magic
 11495 | Lair:1   | Reached skill level 5 in Air Magic
 11495 | Lair:1   | Reached skill level 5 in Earth Magic
 11495 | Lair:1   | Reached skill level 5 in Poison Magic
 11766 | Lair:1   | HP: 2/133 [black mamba (7)]
 11767 | Lair:1   | Slain by a black mamba

Illustrated notes

Levels and vault maps discovered:
D:1:      enne_arrival_octagon_isle, layout_rooms, minmay_pentomino_w4
D:2:      layout_basic, serial_bayou_crossing
D:3:      layout_loops_ring, lemuel_tele_altar, mainiacjoe_overflow_alcove_4,
          gammafunk_ghost_grave, minmay_misc_feat_tiny, uniq_grinder
D:4:      layout_basic, minmay_temple_entry_sparse_star, uniq_sigmund,
          uniq_blork_the_orc, uniq_eustachio
D:5:      layout_loops_ring, old_standard_altar, gammafunk_ghost_stat_death,
          nicolae_elevator_lobby_asterisk, uniq_ijyb
D:6:      layout_rooms, ebering_ghost_sewer_d, serial_bayou_lagoon_b
D:7:      minmay_inner_zag, layout_gridville, mainiacjoe_overflow_brackets,
          tso_oasis_becter
D:8:      layout_gridville, mainiacjoe_overflow_surrounded_room,
          lair_entry_dummy, serial_co_window_serial, co_window_paths_a,
          co_window_corner_a, co_window_paths_b, co_window_paths_b,
          co_window_paths_a, co_window_corner_ca, co_window_unsneaky_path_e,
          co_window_paths_c, co_window_sun, co_window_paths_e, glass_columns_c,
          glass_columns_c, glass_columns_a, glass_columns_a,
          minmay_unpleasant_kobolds, uniq_grum, uniq_gastronok,
          uniq_prince_ribbit1
Temple:   minmay_temple_forest_path
Lair:1:   kb_forest_paths, layout_chaotic_city

Skill      XL: |  1  2  3  4  5  6  7  8  9 10 11 |
---------------+----------------------------------+-----
Stealth        | 10 11 | 11.3
Invocations    | 1 2 3 4 5 6 |  6.6
Short Blades   | 1 2 3 4 5 6 |  6.0
Long Blades    | 1 2 3 4 5 6 |  6.0
Maces & Flails | 1 2 3 4 5 6 |  6.0
Polearms       | 1 2 3 4 5 6 |  6.0
Staves         | 1 2 3 4 5 6 |  6.0
Slings         | 1 2 3 4 5 6 |  6.0
Bows           | 1 2 3 4 5 6 |  6.0
Crossbows      | 1 2 3 4 5 6 |  6.0
Throwing       | 1 2 3 4 5 6 |  6.0
Armour         | 1 2 3 4 5 6 |  6.0
Shields        | 1 2 3 4 5 6 |  6.0
Unarmed Combat | 1 2 3 4 5 6 |  6.0
Spellcasting   | 1 2 3 4 5 6 |  6.0
Evocations     | 1 2 3 4 5 6 |  6.0
Conjurations   | 1 2 3 4 5 |  5.0
Hexes          | 1 2 3 4 5 |  5.0
Summonings     | 1 2 3 4 5 |  5.0
Necromancy     | 1 2 3 4 5 |  5.0
Translocations | 1 2 3 4 5 |  5.0
Transmutations | 1 2 3 4 5 |  5.0
Fire Magic     | 1 2 3 4 5 |  5.0
Ice Magic      | 1 2 3 4 5 |  5.0
Air Magic      | 1 2 3 4 5 |  5.0
Earth Magic    | 1 2 3 4 5 |  5.0
Poison Magic   | 1 2 3 4 5 |  5.0
Axes           | 5 6 7 |  7.7
Dodging        | 5 6 7 |  7.7
Fighting       | 7 8 9 |  9.0

Action                   |  1- 3 |  4- 6 |  7- 9 | 10-12 || total
-------------------------+-------+-------+-------+-------++-------
Melee: Hand axe          |    61 |   142 |   380 |   183 ||   766
       Bite              |     5 |    12 |    49 |    15 ||    81
       Punch             |       |     2 |    21 |    11 ||    34
       Kick              |       |     7 |   107 |    49 ||   163
 Fire: Arbalest          |       |       |       |     2 ||     2
Throw: Throwing net      |     1 |       |       |       ||     1
       Dart              |       |       |     3 |     3 ||     6
 Cast: Ensorcelled Hiber |       |       |    18 |     9 ||    27
       Poisonous Vapours |       |       |    34 |     8 ||    42
       Shock             |       |       |    48 |     5 ||    53
       Freeze            |       |       |     6 |     5 ||    11
       Stone Arrow       |       |       |     4 |    25 ||    29
       Olgreb's Toxic Ra |       |       |     2 |    14 ||    16
       Dazzling Flash    |       |       |     2 |     9 ||    11
Evoke: Wand              |       |     4 |    13 |       ||    17
  Use: Scroll            |     2 |     2 |    10 |     1 ||    15
       Potion            |       |     2 |     8 |     8 ||    18
 Stab: Distracted        |     1 |     1 |       |       ||     2
       Sleeping          |     2 |    14 |     9 |     2 ||    27
       Paralysed         |       |    16 |     6 |       ||    22
       Invisible         |       |       |     1 |     2 ||     3
Armor: Leather armour    |    20 |    43 |    19 |       ||    82
       Skin              |       |       |    55 |    41 ||    96
       Robe              |       |       |   129 |    85 ||   214
Dodge: Dodged            |    39 |    63 |   240 |   150 ||   492
Block: Other             |    21 |    24 |    99 |     2 ||   146
       Reflection        |       |     1 |     3 |       ||     4
